 Dungeon Crawl Stone Soup version 0.26.1-11-gd32895ea62 (webtiles) character file.

Game seed: 12010194230398728272

136 nightchill the Sneak (level 5, -1/30 HPs)
             Began as a Kobold Enchanter on July 23, 2021.
             Slain by Menkaure (22 damage)
             ... on level 4 of the Dungeon.
             The game lasted 00:09:01 (4071 turns).

nightchill the Sneak (Kobold Enchanter)             Turns: 4071, Time: 00:09:01

Health: -1/30      AC:  4    Str:  7    XL:     5   Next: 43%
Magic:  5/8        EV: 15    Int: 16    God:
Gold:   156        SH:  0    Dex: 15    Spells: 2/8 levels left

rFire    . . .     SeeInvis .   o - +4 dagger
rCold    . . .     Faith    .   (shield restricted)
rNeg     . . .     Spirit   .   b - +0 robe
rPois    .         Reflect  .   (no helmet)
rElec    .         Harm     .   (no cloak)
rCorr    .         Rampage  .   r - +1 pair of gloves
Will     .....                  (no boots)
Stlth    ++++......             (no amulet)
HPRegen  0.10/turn              (no ring)
MPRegen  0.11/turn              (no ring)

@: confusing touch
A: small, nightstalker 3
a: no special abilities


You were on level 4 of the Dungeon.
You visited 1 branch of the dungeon, and saw 4 of its levels.

You collected 156 gold pieces.

Inventory:

Hand Weapons
 a - a +1 dagger
 o - a +4 dagger (weapon)
 v - a cursed +0 dagger
Armour
 b - a +0 robe (worn)
 r - a +1 pair of gloves (worn)
Jewellery
 p - an uncursed ring of fire {unknown}
Wands
 n - a wand of flame (16)
Scrolls
 c - 4 scrolls of teleportation {unknown}
 d - 2 scrolls of enchant armour {unknown}
 e - 4 scrolls of remove curse {unknown}
 g - 6 scrolls of identify {unknown}
 h - a scroll of immolation {unknown}
 j - 2 scrolls of fog {unknown}
 k - a scroll of amnesia {unknown}
 l - 4 scrolls of blinking {unknown}
 q - a scroll of noise {unknown}
 u - a scroll of fear {unknown}
Potions
 f - a potion of lignification {unknown}
 i - a potion of resistance {unknown}
 m - a potion of might {unknown}
 s - a potion of curing {unknown}
 t - 2 potions of degeneration {unknown}


   Skills:
 + Level 1.7 Fighting
 * Level 3.8 Short Blades
 - Level 2.4 Dodging
 + Level 5.0 Stealth
 - Level 2.1 Spellcasting
 * Level 4.0 Hexes


You had 2 spell levels left.
You knew the following spells:

 Your Spells              Type           Power        Failure   Level
a - Corona                Hex            15%          3%          1
b - Ensorcelled Hibernat  Hex/Ice        16%          14%         2
c - Confusing Touch       Hex            14%          12%         3

Your spell library contained the following spells:

 Spells                   Type           Power        Failure   Level
 Tukima's Dance           Hex            14%          12%         3
 Dazzling Flash           Conj/Hex       16%          26%         3


Dungeon Overview and Level Annotations

Branches:
Dungeon (4/15)
 Temple: D:4-7

Altars:
Trog

Shops:
D:4 }

Annotations:
D:4 Menkaure


Innate Abilities, Weirdness & Mutations

You are small and have problems with some larger weapons.
You are completely attuned to the shadows.


Message History

Aim: an adder (chance to affect: 49%)
The adder looks drowsy...
You start resting.
Magic restored.
You start waiting.
Done waiting.
Menkaure, Prince of Dust comes into view.
Menkaure shouts!
Menkaure gestures at you while chanting.
Pain shoots through your body!
An ogre comes into view. It is wielding a +0 giant spiked club.
Casting: Ensorcelled Hibernation (safe; 14% risk of failure)
Confirm with . or Enter, or press ? or * to list all spells.
The spell is quite dangerous to cast (12% risk of failure)!
Continue anyway?
Your hands begin to glow red.
Okay, then.
Menkaure hits you.
You hit Menkaure but do no damage. Menkaure hits you!!
Ouch! That really hurt!
You die...

##### ######## ..##...#
#.....[. O......#
#.###### ..##...# #.# #
##.## #.###### #.#
#.##.... #.# #.##.###
###M##### #.##.###
#...@...# ##.......
#.#####.# #.....###
##.#####.## #..####
#..##.###.# ##.#..##
###..#..#∩'.###.###..###
+....#..###....## ##....
##.#........#.## ##.##
#.###...###.##.## ##.##
##.#.#### #.###.###.####


You could see Menkaure.

Vanquished Creatures
  A hound (D:4)
  A worker ant (D:3)
  2 adders
  2 worms (D:2)
  A dart slug (D:1)
  3 leopard geckos
  An orc (D:3)
  7 bats
  2 giant cockroaches
  11 goblins
  2 hobgoblins
  4 ball pythons
  5 frilled lizards
  5 kobolds
  9 rats
56 creatures vanquished.

Notes
Turn   | Place    | Note
-------+----------+-------------------------------------------
     0 | D:1      | nightchill the Kobold Enchanter began the quest for the
                  | Orb.
     0 | D:1      | Reached XP level 1. HP: 10/10 MP: 3/3
   502 | D:1      | Reached XP level 2. HP: 16/16 MP: 3/5
   522 | D:1      | Learned a level 2 spell: Ensorcelled Hibernation
  1188 | D:2      | Reached XP level 3. HP: 20/20 MP: 6/6
  1195 | D:2      | Learned a level 3 spell: Confusing Touch
  1320 | D:2      | Reached skill level 1 in Fighting
  1605 | D:2      | Found a bloodstained altar of Trog.
  2195 | D:3      | Reached XP level 4. HP: 25/25 MP: 7/7
  3717 | D:4      | Reached XP level 5. HP: 30/30 MP: 8/8
  3802 | D:4      | Reached skill level 5 in Stealth
  3825 | D:4      | Found Urghabri's Gadget Emporium.
  4059 | D:4      | Noticed Menkaure
  4059 | D:4      | Noticed an ogre
  4071 | D:4      | Slain by Menkaure

Illustrated notes

Levels and vault maps discovered:
D:1:      mrwooster_arrival_arrow, layout_basic
D:2:      layout_basic, general_overflow_altar
D:3:      layout_basic
D:4:      layout_loops_corners, serial_shops, nicolae_shop_window_shopping,
          uniq_menkaure

Skill      XL: |  1  2  3  4  5 |
---------------+----------------+-----
Short Blades   | 2 3 |  3.8
Fighting       | 1 |  1.7
Hexes          | 4 |  4.0
Stealth        | 5 |  5.0
Dodging        | |  2.4
Spellcasting   | |  2.1

Action                   |  1- 3 |  4- 6 || total
-------------------------+-------+-------++-------
Melee: Dagger            |    66 |    50 ||   116
 Cast: Corona            |     6 |       ||     6
       Ensorcelled Hiber |    13 |     4 ||    17
       Confusing Touch   |       |     6 ||     6
 Stab: Sleeping          |    28 |    10 ||    38
       Confused          |       |     3 ||     3
Armor: Robe              |     7 |     6 ||    13
Dodge: Dodged            |    41 |    29 ||    70
